 Dungeon Crawl Stone Soup version 0.14-a0-2019-gd9bc7f0 (webtiles) character file.

566881 HollowCharge the Elven Blade (level 24, -2/177 (180) HPs)
             Began as a High Elf Death Knight on Jan 15, 2014.
             Was a High Priest of the Shining One.
             Slain by a spriggan berserker
             ... wielding a +0,+2 mace
              (10 damage)
             ... on Level 5 of the Enchanted Forest on Jan 19, 2014.
             The game lasted 11:50:56 (90536 turns).

HollowCharge the Elven Blade (HEDK)                Turns: 90536, Time: 11:50:57

HP  -2/177 (180) AC 48     Str 27      XL: 24   Next: 93%
MP   0/37        EV 25     Int 22      God: the Shining One [*****.]
Gold 790         SH  0     Dex 25      Spells:  0 memorised, 23 levels left

rFire  + . .     SeeInvis +     g - +8,+7 elf long sword (protect)
rCold  + + .     Clarity  .     o - +6 plate armour of the Hunter {+Fly rN+ Dam+3}
rNeg   + + +     Conserve +     O - +0 large shield {AC+3}
rPois  +         rCorr    +     l - +2 helmet "Boomyimo" {Str+4 Dex+2}
rElec  .         rRot     .     k - +1 cloak {rCorr, Cons}
SustAb . .       Spirit   +     H - +3 pair of gloves "Nadghion" {rF+ rC++ SInv}
rMut   .         Warding  .     f - +0 pair of boots "Struoghos" {Str+4 Int+3}
Saprov . . .     NoTele   +     C - amulet of guardian spirit
MR     ++...                    h - ring "Uxtyckess" {Regen Str+2 Int+3}
                                Z - ring of Ehynisim {rPois AC+3 Acc+4}

@: confused, studying Shields, mildly poisoned, very slightly contaminated,
hasted and slowed, glowing, cannot translocate, very resistant to hostile
enchantments, extremely unstealthy
A: herbivore 1, teleportitis 1
a: Divine Shield, Cleansing Flame, Summon Divine Warrior, Renounce Religion,
Evoke Flight
}: 4/15 runes: decaying, serpentine, slimy, silver


You were on level 5 of the Enchanted Forest.
You worshipped the Shining One.
The Shining One was extremely pleased with you.
You were not hungry.

You visited 12 branches of the dungeon, and saw 64 of its levels.
You also visited: Wizlab.

You collected 6706 gold pieces.
You spent 3497 gold pieces at shops.
You donated 2419 gold pieces.

Inventory:

Hand weapons
 g - a +8,+7 elven long sword of protection (weapon)
 z - a +2,+2 bastard sword of electrocution
 B - the cursed +9,+9 Sword of Zonguldrok {reap, Curse}
   (You found it on level 5 of the Enchanted Forest)

   If a monster killed with it leaves a corpse in good enough shape, the corpse
   will be animated as a zombie friendly to the killer.
   It may recurse itself when equipped.
   It has a curse placed upon it.
   The Shining One opposes the use of such an evil item.
Armour
 f - the +0 pair of boots "Struoghos" (worn) {Str+4 Int+3}
   (You acquired it on level 1 of the Lair of Beasts)

   It affects your strength (+4).
   It affects your intelligence (+3).
 k - a +1 cloak of preservation (worn)
 l - the +2 helmet "Boomyimo" (worn) {Str+4 Dex+2}
   (You found it on level 6 of the Dungeon)

   It affects your strength (+4).
   It affects your dexterity (+2).
 o - the +6 plate armour of the Hunter (worn) {+Fly rN+ Dam+3}
   (You bought it in a shop on level 3 of the Snake Pit)

   It affects your damage-dealing abilities (+3).
   It protects you from negative energy.
   It lets you fly.
 H - the +3 pair of gloves "Nadghion" (worn) {rF+ rC++ SInv}
   (You found it on level 3 of the Swamp)

   It protects you from fire.
   It greatly protects you from cold.
   It enhances your eyesight.
 O - a +0 large shield of protection (worn)
Magical devices
 d - a wand of digging (1)
 e - a wand of heal wounds (0)
 y - a wand of hasting (2)
 G - a wand of slowing (12)
Comestibles
 F - 2 sultanas
 K - 5 bread rations
 L - a snozzcumber
 P - 6 honeycombs
 Q - a royal jelly
Scrolls
 a - 3 scrolls of enchant weapon I
 j - 8 scrolls of teleportation
 n - 2 scrolls of holy word
 p - 3 scrolls of summoning
 v - 3 scrolls of magic mapping
 x - a scroll of fog
 A - 8 scrolls of remove curse
 E - 3 scrolls of blinking
 R - 2 scrolls of identify
 U - a scroll of silence
Jewellery
 b - an uncursed ring of poison resistance
 h - the ring "Uxtyckess" (right hand) {Regen Str+2 Int+3}
   (You found it on level 6 of the Pits of Slime)

   [ring of regeneration]

   It affects your strength (+2).
   It affects your intelligence (+3).
 u - an uncursed ring of protection from magic
 w - an uncursed amulet of stasis
 C - an amulet of guardian spirit (around neck)
 I - a cursed ring of protection from fire
 J - an uncursed ring of sustain abilities
 N - the ring "Dutum" {Ice Str+3 Int+1}
   (You found it on level 3 of the Lair of Beasts)

   [ring of ice]

   It affects your strength (+3).
   It affects your intelligence (+1).
 X - an uncursed ring of see invisible
 Y - an uncursed ring of protection from cold
 Z - the ring of Ehynisim (left hand) {rPois AC+3 Acc+4}
   (You found it on level 7 of the Lair of Beasts)

   [ring of protection]

   It affects your AC (+3).
   It affects your accuracy (+4).
   It protects you from poison.
Potions
 c - 2 potions of restore abilities
 i - a potion of might
 m - 20 potions of curing
 q - 3 potions of speed
 r - 3 potions of brilliance
 s - 3 potions of heal wounds
 D - a potion of resistance
 T - 2 potions of agility
Books
 M - a manual of Shields


   Skills:
 + Level 19.2 Fighting
 + Level 26.4 Long Blades
 + Level 18.0 Armour
 + Level 20.5 Dodging
 + Level 17.5 Shields
 - Level 11.0 Invocations


You had 23 spell levels left.
You didn't know any spells.

Dungeon Overview and Level Annotations

Branches:
Dungeon (16/16)            Temple (1/1) D:6             Orc (4/4) D:11
    Elf (3/3) Orc:3          Lair (8/8) D:9           Swamp (5/5) Lair:3
  Snake (5/5) Lair:4        Slime (6/6) Lair:6       Vaults (5/5) D:14
  Blade (0/1) Vaults:3       Tomb (0/3) Forest:3       Hell (1/1)
    Geh (0/7) Hell            Tar (0/7) Hell         Forest (5/5) Vaults:2
 Depths (5/6) D:16
    Dis: Hell:1         Coc: Hell:1

Altars:
Ashenzari
Cheibriados
Elyvilon
Fedhas
Kikubaaqudgha
Makhleb
Nemelex Xobeh
Okawaru
Sif Muna
Trog
Vehumet
Xom
Yredelemnul
Zin
the Shining One
Beogh
Jiyva
Lugonu

Shops:
D:8 :   Orc:4 !*(?   Snake:3 [?=   Snake:5 *   Vaults:1 [   Vaults:3 !
Depths:1 ?   Depths:2 %   Depths:3 *

Portals:
Hell: Lair:8 Depths:1 Depths:2 Depths:3 Depths:4 Depths:5
Abyss: Depths:4 Depths:5
Pandemonium: Depths:3 Depths:5
Ziggurat: Depths:4
Trove: Depths:4 (give +4 storm dragon armour)

Annotations:
Lair:3 exclusion: oklob plant
Lair:4 lorenz's ghost, powerful TrFi
Hell Geryon
Forest:1 exclusion: oklob plant
Forest:2 exclusion: oklob plant
Forest:3 exclusion: oklob plant
Forest:5 exclusions: oklob plant and 1 more exclusion, the Enchantress
Depths:4 exclusion: oklob plant


Innate Abilities, Weirdness & Mutations

You digest meat inefficiently.
Space occasionally distorts in your vicinity.


Message History

The spriggan berserker hits you but does no damage.
The polar bear rages.
The spriggan air mage hits you but does no damage.
The spriggan defender hits you but does no damage.
You are engulfed in roaring flames.
You resist.
The spriggan berserker rages.
The polar bear rages.
The spriggan berserker mumbles some strange prayers to Trog.
The spriggan berserker goes berserk!
The spriggan air mage waves its arms in wide circles.
The air twists around and strikes you!
* * * LOW HITPOINT WARNING * * *
The spriggan defender hits you but does no damage.
The spriggan air mage hits you but does no damage.
The spriggan berserker rages.
The spriggan berserker hits you but does no damage.
The Enchantress is engulfed in roaring flames.
The Enchantress completely misses you.
You are engulfed in roaring flames.
You resist. The Enchantress misses you.
The spriggan berserker hits you with a mace!
You die...

♣♣♣♣♣♣♣♣♣♣♣..).............♣♣♣♣♣♣
...♣♣♣♣♣♣♣♣..)....♣..♣♣..♣♣♣.....
....♣* **♣♣..<...[♣..♣♣.♣♣♣......
♣...♣*♣♣♣♣♣♣........<♣♣..........
.....♣♣♣♣♣♣♣....♣.≈≈♣♣♣♣♣.....≈≈≈
..♣.♣♣♣.♣♣♣.♣§.♣♣.≈♣♣♣.♣♣♣♣.≈≈≈≈≈
.....♣..♣♣♣♣♣b.♣♣U§≈♣.♣.♣♣♣.≈≈≈≈≈
♣....♣.(♣♣♣♣♣..♣iiU≈.♣♣♣.♣.≈≈≈≈≈.
...♣...(♣♣♣♣♣♣♣i@iiU♣♣♣♣♣.≈≈≈≈≈≈.
......♣((♣♣♣♣♣♣♣§♣UU♣♣♣♣♣...≈...P
##....♣♣)♣♣♣*♣♣♣i♣i.♣♣♣...♣......
.###...♣)(♣♣**♣♣iii.♣...♣♣♣..♣♣..
...##..♣♣)♣♣♣♣♣♣♣)............♣..
....#...♣.♣♣♣♣♣♣......♣..♣..≈≈...
....##..♣.U.P..........♣♣♣♣.≈≈≈.=
.....'..%..)i♣............♣.≈≈≈.♣
.....'......ii........≈≈≈.......♣


You could see an ancient bear, the Enchantress, a spriggan rider, a spriggan
defender, 2 polar bears, 2 grizzly bears, 2 spriggan air magi, 2 spriggan
berserkers and 3 spriggans.

Vanquished Creatures
  the royal jelly (Slime:6)
  Sojobo (Depths:5)
  5 golden dragons
  Jory (Depths:2)
  Xtahua (Depths:5)
  2 bone dragons
  4 liches
  6 tentacled monstrosities
  A Cloud Mage (WizLab)
  6 titans
  A deep elf blademaster (Elf:3)
  A deep elf master archer (Elf:3)
  3 thorn hunters
  3 storm dragons
  18 acid blobs
  8 tengu reavers
  Agnes (Depths:2)
  5 sphinxes
  A sphinx (shapeshifter) (Vaults:5)
  Kirke (Elf:1)
  5 shadow dragons
  7 frost giants
  5 deep elf sorcerers (Elf:3)
  An iron dragon (Depths:5)
  16 azure jellies
  3 ghost moths
  10 vault wardens
  5 fire giants
  Aizul (Snake:4)
  An emperor scorpion (Depths:1)
  2 balrugs
  A reaper (Hell)
  5 ancient bears
  4 treants
  6 vampire knights
  4 spriggan defenders
  31 stone giants
  2 greater nagas (Snake:5)
  4 elemental wellsprings
  2 deep elf demonologists (Elf:3)
  6 dire elephants
  5 deep elf annihilators (Elf:3)
  3 merfolk javelineers
  A satyr (Forest:5)
  7 deep elf death magi
  11 vault guards
  15 spriggan air magi
  9 death oozes
  20 ettins
  3 merfolk impalers
  16 yaktaur captains
  8 ironheart preservers
  2 deep elf high priests (Elf:3)
  A minotaur (Depths:3)
  An ice dragon (Depths:4)
  5 great orbs of eyes
  12 ogre magi
  9 deep troll shamans
  2 dancing weapons (Vaults:3)
  A death cob (Forest:3)
  4 spectral elves (Elf:3)
  10 anacondas
  4 alligators
  12 spriggan berserkers
  10 spriggan druids
  7 spriggan assassins
  A rakshasa (Depths:2)
  3 spriggan enchanters
  9 deep troll earth magi
  A tengu warrior (Depths:3)
  A titan zombie (Depths:1)
  A fire crab (shapeshifter) (Depths:2)
  22 naga warriors
  3 dryads (Forest:5)
  4 orc high priests
  19 centaur warriors
  10 very ugly things
  2 sun demons
  A soul eater (Hell)
  11 shadow wraiths
  14 skeletal warriors
  9 deep elf knights
  5 ice devils
  5 unseen horrors
  5 fauns
  A hell knight (Depths:2)
  25 deep trolls
  4 water nymphs
  A flayed ghost (Depths:2)
  12 iron trolls
  6 swamp dragons
  18 hydras
  A giant orange brain (Slime:6)
  2 lindwurms (shapeshifter)
  11 deep elf conjurers
  10 orc knights
  6 wolf spiders
  6 phantasmal warriors
  A wolf spider zombie (Forest:2)
  12 giant amoebae
  11 hill giants
  2 flaming corpses
  A sphinx zombie (Depths:1)
  2 orc sorcerers
  3 shining eyes
  6 cyclopes
  6 ironbrand convokers
  7 red wasps
  4 griffons
  A sixfirhy (Lair:8)
  3 octopodes
  23 black mambas
  A hell beast (Hell)
  2 elephants
  3 spiny worms
  Maurice (D:12)
  An item mimic (D:15)
  2 queen ants (shapeshifter)
  A black mamba (shapeshifter) (Vaults:5)
  A smoke demon (Depths:2)
  12 vapours
  9 vault sentinels
  2 brown oozes (shapeshifter)
  11 deep elf summoners
  An orange demon (Lair:8)
  An elephant slug zombie (Depths:4)
  An elf (shapeshifter) (Depths:4)
  7 guardian serpents
  A feature mimic (D:10)
  10 spiny frogs
  5 guardian mummies
  A fire drake (shapeshifter) (Vaults:5)
  2 mermaids (shapeshifter)
  A redback zombie (D:16)
  3 centaur zombies
  A green draconian zombie (Depths:4)
  14 naga magi
  2 red devils (Hell)
  51 spriggans
  3 hydra zombies
  Grinder (D:5)
  A tengu conjurer (Depths:4)
  57 yaktaurs
  A hellwing (Lair:8)
  2 fire drakes (Depths:4)
  8 komodo dragons
  5 trolls
  2 giant leeches
  6 deep elf priests
  9 wind drakes
  A jumping spider zombie (D:16)
  A jumping spider (Forest:3)
  2 wind drakes (shapeshifter)
  A polar bear (Lair:4)
  10 thorn lotuses
  14 giant fireflies
  An orb spider (Depths:1)
  11 ravens
  2 blink frogs (D:16)
  7 brown oozes
  2 grizzly bears
  A raven (shapeshifter) (D:13)
  91 slime creatures
  A blink frog (shapeshifter) (Depths:1)
  A small abomination (Elf:3)
  19 two-headed ogres
  6 baby alligators
  A fire vortex (Depths:5)
  A fire dragon zombie (D:16)
  4 deep troll zombies (Vaults:1)
  4 boulder beetles
  A bog body (Swamp:5)
  An alligator zombie (Depths:1)
  A black mamba zombie (Lair:1)
  21 deep elf magi
  An ice dragon skeleton (Depths:4)
  48 air elementals
  A yak (shapeshifter) (Depths:4)
  44 water elementals
  9 shadows
  4 flying skulls (Lair:4)
  A metal gargoyle (Hell)
  A human skeleton (Vaults:1)
  18 redbacks
  3 sharks
  3 golden eyes (Slime:5)
  A spriggan zombie (Vaults:2)
  2 wyverns
  An elephant slug (Lair:6)
  2 fire bats (Lair:2)
  3 hungry ghosts
  A wraith (D:16)
  2 hill giant zombies
  A fire elemental (Depths:5)
  2 steam dragons
  11 merfolk
  4 vampires
  27 yaks
  2 hogs (Elf:1)
  45 ugly things
  22 vampire mosquitoes
  24 wolves
  A fire bat (shapeshifter) (Depths:1)
  A hill giant skeleton (D:14)
  6 hippogriffs
  25 deep elf fighters
  4 tarantellas
  An agate snail zombie (D:9)
  Edmund (D:6)
  A merfolk (shapeshifter) (Vaults:5)
  A necrophage (D:13)
  A manticore (D:13)
  A spiny frog zombie (Lair:1)
  28 swamp worms
  4 hell hounds
  7 swamp drakes
  3 freezing wraiths
  13 phantoms
  20 orc warriors
  A porcupine (shapeshifter) (Vaults:5)
  2 merfolk zombies (Depths:1)
  4 ice beasts
  2 porcupines (Lair:2)
  A sky beast (D:11)
  19 giant goldfish
  A dwarf (shapeshifter) (Depths:5)
  An ettin simulacrum (Vaults:1)
  48 nagas
  2 black bears
  3 blink frog zombies (D:16)
  37 ogres
  10 yellow wasps
  A boring beetle (Lair:8)
  8 crocodiles
  4 big kobolds
  8 tengu
  12 centaurs
  2 ugly thing zombies
  2 wargs (Vaults:4)
  9 giant slugs
  An octopode zombie (D:16)
  A giant frog (shapeshifter) (Depths:3)
  19 giant frogs
  A brain worm (Vaults:1)
  2 komodo dragon skeletons
  24 water moccasins
  A cyclops zombie (Vaults:1)
  A wyvern zombie (D:11)
  A yaktaur skeleton (D:15)
  7 agate snails
  18 insubstantial wisps
  5 yak zombies
  An orb spider zombie (Depths:1)
  A wyvern skeleton (D:14)
  2 boulder beetle zombies
  2 cyclops skeletons (D:16)
  33 killer bees
  A wight (D:11)
  10 lava fish
  8 eyes of draining
  A hippogriff zombie (D:16)
  A yak skeleton (Lair:3)
  4 electric eels
  8 crimson imps
  11 jellyfish
  4 goliath beetles
  A giant frog zombie (D:11)
  4 two-headed ogre zombies
  7 big fish
  9 hounds
  15 jellies
  A yaktaur simulacrum (D:16)
  4 lava snakes (Depths:5)
  A giant frog skeleton (D:12)
  12 orc wizards
  19 orc priests
  2 iguanas
  11 worker ants
  2 killer bee zombies (D:7)
  An orange rat (D:6)
  6 scorpions
  4 sheep
  A crocodile zombie (Lair:3)
  A tengu zombie (Forest:2)
  Ijyb (D:2)
  A brain worm zombie (D:12)
  2 human zombies
  3 dwarf skeletons (Depths:1)
  5 boggarts (D:14)
  A crocodile skeleton (D:10)
  A big kobold skeleton (D:7)
  3 hound zombies
  A hound skeleton (D:9)
  4 mummies
  2 orange rat zombies (Hell)
  A worker ant zombie (D:6)
  30 adders
  10 gnolls
  3 giant centipedes
  31 green rats
  2 giant mites (D:9)
  An inept feature mimic (D:6)
  7 worms
  A goliath beetle zombie (D:11)
  A giant centipede zombie (D:12)
  2 scorpion zombies
  A grey rat (D:6)
  A snake zombie (Depths:4)
  10 giant eyeballs
  5 oozes
  83 orcs
  4 ball pythons
  A bat skeleton (D:6)
  A bat zombie (D:9)
  10 giant cockroaches
  A green rat zombie (Lair:1)
  7 hobgoblins
  22 jackals
  4 quokkas
  17 bats
  5 giant geckos
  3 giant newts
  A giant spore (D:13)
  8 goblins
  A goblin zombie (Forest:2)
  A hobgoblin zombie (D:7)
  4 illusory rakshasas (D:14)
  A jackal skeleton (D:11)
  20 kobolds
  A kobold zombie (D:12)
  An orc skeleton (D:10)
  17 orc zombies
  A quokka skeleton (D:5)
  A quokka zombie (Lair:1)
  26 rats
  A rat zombie (D:7)
  4 ballistomycetes
  4 bushes (Depths:4)
  3 butterflies
  3 fungi
  4 plants
2364 creatures vanquished.

Vanquished Creatures (collateral kills)
  A bone dragon (Depths:1)
  A titan (Depths:1)
  A deep elf blademaster (Elf:3)
  A storm dragon (Vaults:5)
  A deep elf master archer (Elf:3)
  7 acid blobs
  A sphinx (Depths:1)
  Frances (Snake:3)
  A tengu reaver (Vaults:5)
  A fire giant (Vaults:5)
  2 deep elf sorcerers (Elf:3)
  A ghost moth (Depths:1)
  6 azure jellies
  A vault warden (Vaults:5)
  An iron dragon (Vaults:5)
  The ghost of stonewall the Unseen, a powerful HEAs of Dithmengos (Slime:6)
  Jorgrun (Swamp:2)
  6 stone giants
  7 greater nagas (Snake:5)
  3 deep elf demonologists (Elf:3)
  3 deep elf annihilators
  2 dire elephants (Lair:8)
  A merfolk javelineer (Depths:1)
  A death ooze (Slime:6)
  A deep elf death mage (Elf:3)
  2 fire dragons
  A merfolk impaler (Depths:1)
  A great orb of eyes (Slime:5)
  3 ironheart preservers
  The ghost of Pr0man the Conjurer, a powerful DEFE of Vehumet (Lair:5)
  9 yaktaur captains
  13 hydras
  20 vault guards
  An ice dragon (Depths:1)
  10 anacondas
  A deep troll earth mage (Vaults:1)
  3 alligators
  A deep troll shaman (Vaults:3)
  An ogre mage (Depths:1)
  2 spectral elves (Elf:3)
  12 naga warriors
  2 orc high priests (Orc:4)
  3 sun demons
  3 centaur warriors
  A dancing weapon (Depths:1)
  The ghost of timbw the Unseen, an experienced SpAs of Dithmengos (D:11)
  6 deep elf knights
  2 skeletal warriors
  An ice devil (Snake:3)
  A deep troll (shapeshifter) (Depths:1)
  A wizard (Lair:8)
  A faun (Vaults:2)
  A flayed ghost (Vaults:3)
  A hellion (Elf:3)
  5 ironbrand convokers
  A giant amoeba (shapeshifter) (Vaults:5)
  7 swamp dragons
  4 deep trolls
  A harpy (Vaults:3)
  A wolf spider (Vaults:4)
  8 giant amoebae
  2 hill giants
  5 deep elf conjurers
  4 orc knights
  A red wasp (Swamp:5)
  A shining eye (Slime:6)
  3 vault sentinels
  9 elephants
  An item mimic (Lair:5)
  2 orange demons
  14 black mambas
  5 guardian serpents
  A small abomination (Elf:3)
  2 deep elf summoners
  A guardian serpent (shapeshifter) (Vaults:5)
  A vapour (Depths:1)
  13 spiny frogs
  24 yaktaurs
  A feature mimic (Elf:2)
  An elf (shapeshifter) (Vaults:4)
  A blue devil (Elf:3)
  6 komodo dragons
  3 deep elf priests
  A fire drake (Lair:7)
  A troll (D:12)
  A guardian mummy (Depths:1)
  A hydra zombie (D:16)
  2 two-headed ogres
  3 red devils (Lair:8)
  17 naga magi
  14 deep elf fighters
  3 baby alligators
  A jumping spider (D:16)
  A spriggan (shapeshifter) (Vaults:1)
  A griffon zombie (D:16)
  2 giant leeches
  42 slime creatures
  10 blink frogs
  A hydra skeleton (D:14)
  3 bog bodies
  A boulder beetle (Vaults:3)
  An air elemental (Forest:5)
  2 brown oozes
  26 yaks
  2 sharks
  2 water elementals (Depths:1)
  6 deep elf magi
  A griffon skeleton (D:14)
  18 ugly things
  2 hippogriffs (Lair:4)
  2 vampires (Depths:1)
  A hungry ghost (D:9)
  An elephant slug (Lair:8)
  A fire bat (Lair:2)
  22 wolves
  13 merfolk (Depths:1)
  A merfolk (shapeshifter) (Vaults:2)
  17 swamp worms
  2 hell hounds (Lair:8)
  8 vampire mosquitoes
  A soldier ant (D:11)
  6 porcupines
  A soldier ant (shapeshifter) (D:16)
  4 swamp drakes (Swamp:5)
  A sky beast (D:13)
  24 orc warriors
  A freezing wraith (Vaults:5)
  5 giant frogs
  An ice beast (Elf:3)
  13 ogres
  30 nagas
  5 giant goldfish
  A boring beetle (Lair:7)
  A warg (Orc:2)
  3 centaurs
  3 giant slugs
  3 crocodiles
  6 water moccasins
  2 rotting devils (Lair:8)
  2 lost souls (Elf:3)
  5 agate snails
  5 insubstantial wisps
  4 electric eels
  7 jellyfish
  4 killer bees
  A goliath beetle (D:12)
  2 crimson imps
  2 hounds (D:7)
  3 iguanas
  2 jellies
  5 big fish
  A giant frog skeleton (D:12)
  10 orc wizards
  20 orc priests
  3 scorpions
  A soldier ant zombie (D:10)
  A water moccasin skeleton (D:7)
  3 worker ants
  7 sheep (Lair:7)
  A hound zombie (D:8)
  2 gnolls (D:3)
  8 adders
  28 green rats
  A lemure (Elf:3)
  A giant mite (D:9)
  A giant centipede (D:16)
  A worm (D:3)
  2 grey rats (D:6)
  A giant eyeball (Slime:4)
  2 giant geckos
  An ooze (Slime:2)
  116 orcs
  8 bats
  4 goblins
  4 hobgoblins
  16 jackals
  5 quokkas
  A giant cockroach (D:4)
  A giant newt (D:7)
  A giant spore (D:15)
  6 kobolds
  An orc zombie (Orc:4)
  13 rats
  3 ballistomycetes
  A bush (Vaults:2)
  A crawling corpse (Elf:3)
  12 fungi
  10 plants
970 creatures vanquished.

Vanquished Creatures (others)
  2 profane servitors
  3 bone dragons
  A tengu reaver (Depths:5)
  7 ghouls
  4 elemental wellsprings
  5 death cobs
  An ironheart preserver (Vaults:5)
  A spriggan berserker (Forest:5)
  2 storm dragon zombies
  3 anaconda zombies (Snake:5)
  10 skeletal warriors
  2 ball lightnings (Depths:1)
  An ironbrand convoker (Vaults:5)
  9 flayed ghosts
  3 tengu zombies (Vaults:5)
  A shadow dragon zombie (Vaults:5)
  2 anaconda skeletons (Snake:5)
  7 stone giant zombies
  2 wolf spider zombies
  11 human zombies
  11 flaming corpses
  A naga mage (Snake:5)
  6 phantasmal warriors
  A ghoul skeleton (Snake:5)
  7 swamp worm zombies
  A redback zombie (Vaults:3)
  A spectral elf (Elf:3)
  A wind drake (Forest:5)
  2 ettin zombies
  4 red wasp zombies
  A tarantella zombie (Depths:1)
  A hydra skeleton (Swamp:5)
  A deep elf mage (Elf:1)
  4 ugly thing zombies
  2 air elementals (Forest:5)
  A human (Elf:1)
  An alligator skeleton (Depths:1)
  15 flying skulls
  2 vampires
  A wraith (Lair:1)
  A spriggan zombie (Forest:1)
  A hill giant zombie (Vaults:1)
  A black mamba skeleton (Snake:5)
  7 ogre zombies
  3 wolves (Forest:5)
  3 deep troll zombies
  A raven zombie (Swamp:4)
  5 spiny frog zombies
  A naga (Snake:2)
  A spiny frog skeleton (Swamp:5)
  2 merfolk zombies (Depths:1)
  3 swamp dragon zombies
  An elephant zombie (Lair:6)
  2 ogres
  A blink frog zombie (D:16)
  A yellow wasp (Forest:2)
  A hog zombie (Elf:1)
  2 merfolk skeletons (Depths:1)
  A human skeleton (Vaults:4)
  4 vampire mosquito zombies
  15 yaktaur zombies
  A komodo dragon zombie (Lair:1)
  A manticore zombie (D:13)
  A wyvern zombie (D:13)
  A cyclops zombie (Vaults:1)
  A yaktaur skeleton (Vaults:3)
  2 shark zombies (Depths:1)
  A grizzly bear zombie (Forest:1)
  A giant goldfish zombie (Swamp:5)
  2 wights (Lair:2)
  6 yak zombies
  3 boulder beetle zombies
  A polar bear zombie (Lair:4)
  5 wolf zombies
  A boring beetle zombie (Lair:8)
  A hippogriff skeleton (D:10)
  4 giant frog zombies
  12 naga zombies
  4 water moccasin zombies
  A wolf skeleton (Lair:6)
  12 centaur zombies
  2 naga skeletons (Snake:5)
  3 two-headed ogre zombies (Depths:1)
  30 elf zombies
  2 giant frog skeletons
  A bog body skeleton (Swamp:5)
  3 elf skeletons (Vaults:5)
  A water moccasin skeleton (Snake:2)
  An orange rat (Elf:1)
  4 killer bee zombies
  A hound zombie (D:9)
  A necrophage skeleton (D:13)
  2 mummies
  A worker ant zombie (Lair:4)
  A hound skeleton (D:10)
  An orange rat zombie (D:6)
  3 swamp drake zombies
  2 swamp drake skeletons (Swamp:5)
  A green rat (Lair:2)
  3 adder zombies
  An iguana zombie (Lair:5)
  58 orc zombies
  2 scorpion zombies
  A sheep skeleton (Lair:7)
  2 adder skeletons
  2 orc skeletons
  A bat skeleton (D:3)
  2 bat zombies (D:9)
  A giant mite zombie (D:9)
  2 gnoll zombies
  26 green rat zombies
  A giant cockroach zombie (D:4)
  3 giant spores
  4 goblin zombies
  A grey rat zombie (D:6)
  A hobgoblin zombie (Orc:4)
  A jackal skeleton (D:11)
  9 jackal zombies
  4 kobold zombies
  A quokka skeleton (Lair:1)
  2 quokka zombies
  5 rat zombies
  2 ballistomycetes (D:7)
  A briar patch (Forest:5)
  14 bushes (Depths:4)
  7 fungi
  17 plants
  165 snaplasher vine segments (Forest:5)
658 creatures vanquished.

Grand Total: 3992 creatures vanquished

Notes
Turn   | Place    | Note
--------------------------------------------------------------
     0 | D:1      | HollowCharge, the High Elf Death Knight, began the quest for the Orb.
     0 | D:1      | Reached XP level 1. HP: 14/14 MP: 3/3
    84 | D:1      | Reached skill level 1 in Armour
   411 | D:1      | Reached XP level 2. HP: 17/19 MP: 4/4
  1267 | D:2      | Reached XP level 3. HP: 10/24 MP: 7/7
  1497 | D:2      | Noticed Ijyb
  1518 | D:2      | Killed Ijyb
  1518 | D:2      | Acquired Yredelemnul's second power
  1524 | D:2      | Reached skill level 4 in Fighting
  1524 | D:2      | Reached skill level 8 in Long Blades
  1524 | D:2      | Reached skill level 5 in Invocations
  1524 | D:2      | Reached XP level 4. HP: 30/34 MP: 8/11
  1776 | D:2      | Found an ancient bone altar of Kikubaaqudgha.
  2158 | D:3      | Reached XP level 5. HP: 33/38 MP: 13/13
  3251 | D:4      | Found a snail-covered altar of Cheibriados.
  3330 | D:4      | Reached skill level 5 in Fighting
  3401 | D:4      | Noticed an ice beast
  3441 | D:4      | Killed an ice beast
  3441 | D:4      | Reached skill level 5 in Dodging
  3441 | D:4      | Reached XP level 6. HP: 19/45 MP: 16/16
  3620 | D:4      | Found an iron altar of Okawaru.
  3720 | D:5      | Entered Level 5 of the Dungeon
  4225 | D:5      | Reached XP level 7. HP: 35/50 MP: 18/18
  4439 | D:5      | Acquired Yredelemnul's third power
  4626 | D:5      | Noticed Grinder
  4662 | D:5      | Killed Grinder
  4662 | D:5      | Reached skill level 9 in Long Blades
  5030 | D:6      | Found a staircase to the Ecumenical Temple.
  5335 | D:6      | Reached XP level 8. HP: 54/56 MP: 20/20
  5568 | D:6      | Received a gift from Yredelemnul
  5872 | D:6      | Found a white marble altar of Elyvilon.
  5989 | D:6      | Got a transparent helmet
  5992 | D:6      | Identified the cursed +2 helmet "Boomyimo" {Str+4 Dex+2} (You found it on level 6 of the Dungeon)
  6021 | D:6      | Noticed Edmund
  6087 | D:6      | Killed Edmund
  6521 | D:7      | Found a glowing golden altar of the Shining One.
  6999 | D:7      | Reached skill level 5 in Armour
  7620 | D:7      | Reached XP level 9. HP: 62/62 MP: 22/22
  7682 | D:7      | Reached skill level 10 in Long Blades
  7798 | D:7      | Upgraded the game from 0.14-a0-1876-g927fc3a to 0.14-a0-1969-g2c76abe
  7847 | D:8      | Acquired Yredelemnul's fourth power
  8230 | D:8      | Found Baegamidu's Book Emporium.
  8513 | D:8      | Found a radiant altar of Vehumet.
  8513 | D:8      | Found a glowing golden altar of the Shining One.
  8514 | D:8      | Found a glowing silver altar of Zin.
  8538 | D:8      | Got a pitted silver ring
  9048 | D:9      | Received a gift from Yredelemnul
  9279 | D:9      | Found a staircase to the Lair.
  9879 | Lair:1   | Entered Level 1 of the Lair of Beasts
  9970 | Lair:1   | Received a gift from Yredelemnul
 10095 | Lair:1   | Noticed a spiny frog
 10107 | Lair:1   | Killed a spiny frog
 10205 | Lair:1   | Reached XP level 10. HP: 23/69 MP: 9/24
 10760 | Lair:1   | Reached skill level 11 in Long Blades
 10783 | Lair:1   | Received a gift from Yredelemnul
 12326 | Lair:2   | Found a dark tunnel.
 12607 | Lair:2   | Received a gift from Yredelemnul
 13670 | Lair:3   | Got an ancient amber ring
 13671 | Lair:3   | Identified the ring "Dutum" {Ice Str+3 Int+1} (You found it on level 3 of the Lair of Beasts)
 13671 | Lair:3   | Identified the ring of Ghylos {+Fly rPois rC- MR+ Dex+1} (You found it on level 8 of the Dungeon)
 13675 | Lair:3   | Noticed an oklob plant
 13692 | Lair:3   | Noticed an eight-headed hydra
 13773 | Lair:3   | Received a gift from Yredelemnul
 13946 | Lair:3   | Reached skill level 12 in Long Blades
 13960 | Lair:3   | Found a staircase to the Swamp.
 14024 | Lair:3   | Killed an eight-headed hydra
 14024 | Lair:3   | Reached XP level 11. HP: 64/76 MP: 24/25
 14266 | Lair:3   | Received a gift from Yredelemnul
 14947 | Lair:4   | Noticed lorenz's ghost (powerful TrFi)
 16861 | Lair:4   | Found a staircase to the Snake Pit.
 16876 | Lair:4   | Acquired Yredelemnul's fifth power
 17308 | Lair:4   | Received a gift from Yredelemnul
 17887 | Lair:5   | Reached skill level 13 in Long Blades
 17901 | Lair:5   | Noticed Pr0man's ghost (powerful DEFE)
 17902 | Lair:5   | Noticed a five-headed hydra
 18072 | Lair:5   | Killed a five-headed hydra
 18214 | Lair:5   | Killed Pr0man's ghost
 18899 | Lair:6   | Received a gift from Yredelemnul
 18922 | Lair:6   | Reached XP level 12. HP: 23/84 MP: 10/28
 19630 | Lair:6   | Noticed a six-headed hydra
 19640 | Lair:6   | Killed a nine-headed hydra
 19641 | Lair:6   | Received a gift from Yredelemnul
 19661 | Lair:6   | Found a staircase to the Slime Pits.
 20367 | Lair:7   | Reached skill level 14 in Long Blades
 20523 | Lair:7   | Received a gift from Yredelemnul
 20898 | Lair:7   | Received a gift from Yredelemnul
 20904 | Lair:7   | Got a sparkling golden ring
 20907 | Lair:7   | Identified the ring of Ehynisim {rPois AC+3 Acc+4} (You found it on level 7 of the Lair of Beasts)
 21046 | Lair:7   | Noticed a four-headed hydra
 21052 | Lair:7   | Killed a four-headed hydra
 21052 | Lair:7   | Reached skill level 10 in Invocations
 21109 | Lair:8   | Entered Level 8 of the Lair of Beasts
 21114 | Lair:8   | Reached skill level 10 in Dodging
 21691 | Lair:8   | Noticed a dire elephant
 21701 | Lair:8   | Killed a dire elephant
 21738 | Lair:8   | Found a burning altar of Makhleb.
 22140 | Lair:8   | Reached XP level 13. HP: 73/91 MP: 23/29
 22141 | Lair:8   | Received a gift from Yredelemnul
 22316 | Lair:8   | Reached skill level 15 in Long Blades
 22679 | Lair:8   | Found a gateway to Hell.
 22708 | Lair:8   | Noticed a dire elephant
 22719 | Lair:8   | Killed a dire elephant
 23184 | Lair:1   | Upgraded the game from 0.14-a0-1969-g2c76abe to 0.14-a0-1974-gdb6e453
 23291 | D:10     | Entered Level 10 of the Dungeon
 23853 | D:10     | Found a portal to a secret trove of treasure.
 23860 | D:10     | the portal to a secret trove of treasure was a mimic.
 24000 | D:10     | Reached skill level 10 in Fighting
 24450 | D:11     | Received a gift from Yredelemnul
 24553 | D:11     | Noticed timbw's ghost (experienced SpAs)
 24562 | D:11     | Killed timbw's ghost
 24633 | D:11     | Found a burning altar of Makhleb.
 24864 | D:11     | Found a staircase to the Orcish Mines.
 25296 | Orc:1    | Entered Level 1 of the Orcish Mines
 25382 | Orc:1    | Received a gift from Yredelemnul
 25710 | Orc:3    | Received a gift from Yredelemnul
 25789 | Orc:3    | Found a staircase to the Elven Halls.
 25980 | Orc:3    | Received a gift from Yredelemnul
 26103 | Orc:4    | Entered Level 4 of the Orcish Mines
 26385 | Orc:4    | Found a radiant altar of Vehumet.
 27310 | Orc:4    | Received a gift from Yredelemnul
 27875 | Orc:4    | Reached skill level 16 in Long Blades
 27896 | Orc:4    | Found Izaas' Distillery.
 27915 | Orc:4    | Found Plurref's Assorted Antiques.
 27916 | Orc:4    | Found Qobbai's Magic Scroll Emporium.
 27916 | Orc:4    | Found Klessius' Antique Weapon Shoppe.
 27928 | Orc:4    | Bought a scroll of identify for 58 gold pieces
 27931 | Orc:4    | Bought a scroll of identify for 28 gold pieces
 27931 | Orc:4    | Bought a scroll of enchant weapon III for 280 gold pieces
 27935 | Orc:4    | Bought a potion of speed for 82 gold pieces
 27935 | Orc:4    | Bought a potion of mutation for 45 gold pieces
 27935 | Orc:4    | Bought a potion of heal wounds for 45 gold pieces
 27935 | Orc:4    | Bought a potion of heal wounds for 45 gold pieces
 28488 | D:12     | Identified a scroll of acquirement
 28492 | D:12     | Got a crude demon blade
 28493 | D:12     | Identified the +9,+9 demon blade of Psofott {slice, rC+ MR++ Str-3 Dex+2 SInv} (You acquired it on level 12 of the Dungeon)
 28536 | D:12     | Received a gift from Yredelemnul
 28967 | D:12     | Noticed Maurice
 28973 | D:12     | Killed Maurice
 29479 | Snake:1  | Entered Level 1 of the Snake Pit
 29498 | Lair:4   | Received a gift from Yredelemnul
 29599 | Snake:1  | Reached skill level 1 in Shields
 29671 | Snake:1  | Reached XP level 14. HP: 84/99 MP: 28/31
 31010 | Snake:2  | Reached skill level 10 in Armour
 31540 | Snake:3  | Found Twogirim's Magic Scroll Boutique.
 31901 | Snake:3  | Bought a scroll of enchant armour for 71 gold pieces
 31901 | Snake:3  | Bought a scroll of identify for 26 gold pieces
 31901 | Snake:3  | Bought a scroll of enchant weapon I for 71 gold pieces
 31901 | Snake:3  | Bought a scroll of enchant weapon II for 71 gold pieces
 31901 | Snake:3  | Bought a scroll of enchant weapon I for 71 gold pieces
 31901 | Snake:3  | Bought a scroll of identify for 26 gold pieces
 31901 | Snake:3  | Bought a scroll of recharging for 71 gold pieces
 31931 | Snake:3  | Received a gift from Yredelemnul
 31964 | Snake:3  | Noticed Frances
 31970 | Snake:3  | Killed Frances
 32006 | Snake:3  | Found Gaet Asa's Jewellery Emporium.
 32011 | Snake:3  | Bought an uncursed amulet of resist corrosion for 380 gold pieces
 32011 | Snake:3  | Bought an uncursed ring of see invisible for 285 gold pieces
 32011 | Snake:3  | Bought an uncursed ring of protection from fire for 475 gold pieces
 32099 | Snake:3  | Reached skill level 5 in Shields
 32124 | Snake:3  | Found Anwaghen's Antique Armour Shoppe.
 32745 | Snake:4  | Received a gift from Yredelemnul
 32952 | Snake:4  | Noticed Aizul
 32963 | Snake:4  | Killed Aizul
 33249 | Snake:4  | Received a gift from Yredelemnul
 33409 | Snake:5  | Entered Level 5 of the Snake Pit
 33611 | Snake:5  | Reached XP level 15. HP: 98/107 MP: 30/32
 33663 | Snake:5  | Received a gift from Yredelemnul
 33667 | Snake:5  | Reached skill level 17 in Long Blades
 34004 | Snake:5  | Found Yvvuott's Assorted Antiques.
 34211 | Snake:5  | Received a gift from Yredelemnul
 34892 | Snake:5  | Got a serpentine rune of Zot
 35775 | Lair:1   | Got a pair of slimy boots
 35779 | Lair:1   | Identified the +0 pair of boots "Struoghos" {Str+4 Int+3} (You acquired it on level 1 of the Lair of Beasts)
 35789 | Lair:1   | Upgraded the game from 0.14-a0-1974-gdb6e453 to 0.14-a0-2001-g390038d
 35865 | Swamp:1  | Entered Level 1 of the Swamp
 36424 | Swamp:2  | Noticed Jorgrun
 36434 | Swamp:2  | Killed Jorgrun
 36946 | Swamp:2  | Received a gift from Yredelemnul
 36998 | Swamp:3  | Got a pair of slimy gloves
 37002 | Swamp:3  | Identified the +3 pair of gloves "Nadghion" {rF+ rC++ SInv} (You found it on level 3 of the Swamp)
 37317 | Swamp:3  | Reached XP level 16. HP: 114/114 MP: 32/32
 37365 | Swamp:3  | Received a gift from Yredelemnul
 37983 | Swamp:4  | Received a gift from Yredelemnul
 38000 | Swamp:4  | Reached skill level 18 in Long Blades
 38239 | Swamp:5  | Entered Level 5 of the Swamp
 38257 | Swamp:5  | Received a gift from Yredelemnul
 38449 | Swamp:5  | Received a gift from Yredelemnul
 38575 | Swamp:5  | Got a decaying rune of Zot
 39003 | Swamp:5  | Received a gift from Yredelemnul
 39452 | Slime:1  | Entered Level 1 of the Pits of Slime
 39685 | Slime:2  | Noticed an acid blob
 39700 | Slime:2  | Killed an acid blob
 39931 | Slime:2  | Received a gift from Yredelemnul
 40032 | Slime:3  | Noticed an acid blob
 40039 | Slime:3  | Killed an acid blob
 40400 | Slime:3  | Noticed an acid blob
 40406 | Slime:3  | Killed an acid blob
 40695 | Slime:4  | Noticed an acid blob
 40705 | Slime:4  | Killed an acid blob
 40705 | Slime:4  | Reached skill level 19 in Long Blades
 40713 | Slime:4  | Paralysed by a giant eyeball for 3 turns
 40800 | Slime:4  | Paralysed by a giant eyeball for 3 turns
 40827 | Slime:4  | Noticed an acid blob
 40838 | Slime:4  | Killed an acid blob
 40877 | Slime:5  | Noticed an acid blob
 40888 | Slime:5  | Killed an acid blob
 40906 | Slime:5  | Reached skill level 10 in Shields
 40906 | Slime:5  | Reached XP level 17. HP: 82/121 MP: 2/33
 41121 | Slime:6  | Entered Level 6 of the Pits of Slime
 41174 | Slime:6  | Received a gift from Yredelemnul
 41396 | Slime:6  | Noticed stonewall's ghost (powerful HEAs)
 41412 | Slime:6  | Killed stonewall's ghost
 41421 | Slime:6  | Received a gift from Yredelemnul
 41488 | Slime:6  | Found a viscous altar of Jiyva.
 41493 | Slime:6  | Noticed the royal jelly
 42021 | Slime:6  | Received a gift from Yredelemnul
 43168 | Slime:3  | Noticed an acid blob
 43172 | Slime:3  | Killed an acid blob
 43402 | Slime:3  | Gained mutation: You are frail (-10% HP). [a shining eye]
 43694 | Lair:1   | Gained mutation: Your mind is acute. (Int +2) [potion of beneficial mutation]
 43700 | Lair:1   | Gained mutation: Your flesh is cold resistant. [potion of mutation]
 43700 | Lair:1   | Gained mutation: You are partially covered in rugged brown scales (AC +1, +3% HP). [potion of mutation]
 43700 | Lair:1   | Gained mutation: You possess an exceptional clarity of mind. [potion of mutation]
 43701 | Lair:1   | Gained mutation: You are partially covered in iridescent scales (AC +4). [potion of mutation]
 43701 | Lair:1   | Lost mutation: Your mind is acute. (Int +2) [potion of mutation]
 43701 | Lair:1   | Gained mutation: Your digestive system is specialised to digest meat. [potion of mutation]
 43702 | Lair:1   | Lost mutation: You are partially covered in rugged brown scales (AC +1, +3% HP). [potion of mutation]
 43702 | Lair:1   | Lost mutation: Your flesh is cold resistant. [potion of mutation]
 43702 | Lair:1   | Gained mutation: Your body is slowly deteriorating. [potion of mutation]
 44868 | D:14     | Reached skill level 20 in Long Blades
 45213 | D:14     | Found a gate to the Vaults.
 45343 | D:14     | Received a gift from Yredelemnul
 45839 | D:14     | Received a gift from Yredelemnul
 46193 | Snake:3  | Bought a faintly humming plate armour for 812 gold pieces
 46211 | Snake:3  | Identified the +6 plate armour of the Hunter {+Fly rN+ Dam+3} (You bought it in a shop on level 3 of the Snake Pit)
 46590 | Vaults:1 | Entered Level 1 of the Vaults
 46884 | Vaults:1 | Reached XP level 18. HP: 87/117 MP: 30/34
 46901 | Vaults:1 | Found Eluesa Psurch's Armour Emporium.
 46913 | Vaults:1 | Bought a +0 cloak of preservation for 110 gold pieces
 47650 | Vaults:1 | Received a gift from Yredelemnul
 48146 | Vaults:2 | Received a gift from Yredelemnul
 48377 | Vaults:2 | Reached skill level 15 in Dodging
 48466 | Vaults:2 | Received a gift from Yredelemnul
 48947 | Vaults:2 | Found a staircase to the Enchanted Forest.
 48950 | Vaults:2 | Received a gift from Yredelemnul
 48992 | Forest:1 | Entered Level 1 of the Enchanted Forest
 49250 | Forest:1 | Noticed Mara
 49255 | Forest:1 | Noticed Mara
 49255 | Forest:1 | Noticed Mara
 49258 | Forest:1 | Noticed HollowCharge's illusion
 49621 | Vaults:3 | Found a staircase to the Hall of Blades.
 49735 | Vaults:3 | Received a gift from Yredelemnul
 50073 | Vaults:3 | Received a gift from Yredelemnul
 50631 | Vaults:3 | Found Otoufuc's Distillery.
 50635 | Vaults:3 | Bought a potion of curing for 38 gold pieces
 50635 | Vaults:3 | Bought a potion of heal wounds for 57 gold pieces
 50635 | Vaults:3 | Bought a potion of might for 47 gold pieces
 50635 | Vaults:3 | Bought a potion of heal wounds for 57 gold pieces
 50935 | Vaults:4 | Reached XP level 19. HP: 121/123 MP: 33/35
 50940 | Vaults:4 | Received a gift from Yredelemnul
 50991 | Vaults:4 | Reached skill level 21 in Long Blades
 51209 | Vaults:4 | Noticed a lich
 51219 | Vaults:4 | Noticed a Brimstone Fiend
 51245 | Vaults:4 | Received a gift from Yredelemnul
 51274 | Vaults:4 | Killed a lich
 51896 | Vaults:4 | Received a gift from Yredelemnul
 52384 | Vaults:4 | Received a gift from Yredelemnul
 52613 | Vaults:5 | Entered Level 5 of the Vaults
 52781 | Vaults:5 | Reached skill level 15 in Fighting
 52781 | Vaults:5 | Received a gift from Yredelemnul
 52877 | Vaults:5 | Got a jacinth-encrusted plate armour
 52905 | Vaults:5 | Identified the cursed +10 plate armour "Peacacla" {+Rage rPois Int+2} (You found it on level 5 of the Vaults)
 52966 | Vaults:5 | Received a gift from Yredelemnul
 53439 | Vaults:5 | Got a scintillating copper ring
 53794 | Vaults:5 | Received a gift from Yredelemnul
 55064 | Vaults:5 | Reached XP level 20. HP: 131/131 MP: 35/35
 55367 | Vaults:5 | Received a gift from Yredelemnul
 55621 | Vaults:5 | Noticed a bone dragon
 55641 | Vaults:5 | Killed a bone dragon
 55648 | Vaults:5 | Got a faintly glowing helmet
 55652 | Vaults:5 | Identified the +1 helmet of the Trees {Str+3 Int+2} (You found it on level 5 of the Vaults)
 55880 | Vaults:5 | Upgraded the game from 0.14-a0-2001-g390038d to 0.14-a0-2017-g4a4604d
 55901 | Vaults:5 | Reached skill level 22 in Long Blades
 56250 | Vaults:5 | Got a silver rune of Zot
 56823 | Vaults:5 | Identified the ring of Arghaxten {Hunger rC+ Dex+2 Acc+4} (You took it off a vault guard on level 5 of the Vaults)
 56916 | Vaults:5 | Received a gift from Yredelemnul
 57193 | Vaults:2 | Received a gift from Yredelemnul
 57568 | Elf:1    | Entered Level 1 of the Elven Halls
 57741 | Elf:1    | Noticed Kirke
 57751 | Elf:1    | Killed Kirke
 58010 | Elf:1    | Received a gift from Yredelemnul
 58611 | Elf:1    | Received a gift from Yredelemnul
 59546 | Elf:3    | Entered Level 3 of the Elven Halls
 59572 | Elf:3    | Received a gift from Yredelemnul
 60065 | Elf:3    | Reached skill level 15 in Armour
 61232 | D:15     | Entered Level 15 of the Dungeon
 61258 | D:15     | Found a roughly hewn altar of Beogh.
 61752 | D:15     | Received a gift from Yredelemnul
 61870 | D:15     | Found a glowing golden altar of the Shining One.
 62040 | D:16     | Entered Level 16 of the Dungeon
 62138 | D:16     | Received a gift from Yredelemnul
 62203 | D:16     | Found a staircase to the Depths.
 62207 | D:16     | Reached XP level 21. HP: 134/138 MP: 34/36
 62214 | D:16     | Paralysed by a giant eyeball for 2 turns
 62262 | D:16     | Reached skill level 23 in Long Blades
 62615 | D:16     | Received a gift from Yredelemnul
 62631 | D:16     | Found a magical portal.
 62772 | WizLab   | Entered a wizard's laboratory
 63487 | WizLab   | Identified the Volume of the End
 63518 | WizLab   | Identified the Collected Works on Damaging Weightlessness (You found it in a wizard's laboratory)
 64141 | Lair:1   | Upgraded the game from 0.14-a0-2017-g4a4604d to 0.14-a0-2019-gd9bc7f0
 64367 | Depths:1 | Entered Level 1 of the Depths
 64760 | Depths:1 | Received a gift from Yredelemnul
 64813 | Depths:1 | Found Fofao's Magic Scroll Shoppe.
 64838 | Depths:1 | Bought a scroll of identify for 28 gold pieces
 64838 | Depths:1 | Bought a scroll of identify for 28 gold pieces
 64838 | Depths:1 | Bought a scroll of identify for 28 gold pieces
 64838 | Depths:1 | Bought a scroll of teleportation for 42 gold pieces
 64838 | Depths:1 | Bought a scroll of identify for 28 gold pieces
 64838 | Depths:1 | Bought a scroll of teleportation for 42 gold pieces
 65014 | Depths:1 | Received a gift from Yredelemnul
 65112 | Depths:1 | Received a gift from Yredelemnul
 65340 | Depths:1 | HP: 4/138 [titan/the air (4)]
 65375 | Depths:1 | Received a gift from Yredelemnul
 66036 | Depths:1 | Got a fine chain mail
 66402 | Lair:1   | Identified the cursed +0 chain mail of Shruax {Dam-2} (You found it on level 1 of the Depths)
 66468 | Lair:1   | Gained mutation: You are clumsy. (Dex -2) [potion of mutation]
 66468 | Lair:1   | Gained mutation: You are somewhat resistant to further mutation. [potion of mutation]
 66470 | Lair:1   | Lost mutation: You possess an exceptional clarity of mind. [potion of cure mutation]
 66470 | Lair:1   | Lost mutation: You are clumsy. (Dex -2) [potion of cure mutation]
 66470 | Lair:1   | Lost mutation: You are somewhat resistant to further mutation. [potion of cure mutation]
 66471 | Lair:1   | Lost mutation: Your body is slowly deteriorating. [potion of cure mutation]
 66471 | Lair:1   | Lost mutation: You are frail (-10% HP). [potion of cure mutation]
 66471 | Lair:1   | Lost mutation: Your digestive system is specialised to digest meat. [potion of cure mutation]
 66471 | Lair:1   | Lost mutation: You are partially covered in iridescent scales (AC +4). [potion of cure mutation]
 66563 | Lair:1   | Received a gift from Yredelemnul
 67250 | Slime:6  | Gained mutation: Armour fits poorly on your strangely shaped body. [a shining eye]
 67251 | Slime:6  | Gained mutation: You are dopey. (Int -2) [a shining eye]
 67253 | Slime:6  | Gained mutation: You heal slowly when monsters are visible. [a shining eye]
 67324 | Slime:6  | Killed the royal jelly
 67909 | Slime:6  | Got a slimy rune of Zot
 67915 | Slime:6  | Got a brightly glowing silver ring
 67952 | Slime:6  | Got a glittering iron amulet
 68356 | Lair:1   | Identified the amulet "Strexzim" {Clar -Tele Int+2} (You found it on level 6 of the Pits of Slime)
 69116 | Elf:3    | Received a gift from Yredelemnul
 69119 | Elf:3    | Reached skill level 24 in Long Blades
 69567 | Elf:3    | Got a flickering wooden ring
 69884 | Elf:3    | Identified Thrischya's Catalogue of Creation
 69943 | Elf:3    | Reached XP level 22. HP: 95/159 MP: 33/36
 69943 | Elf:3    | Received a gift from Yredelemnul
 70302 | Elf:3    | Got a pitted helmet
 70709 | Lair:1   | Identified the cursed -5 helmet "Keuwoti" {Dex+3} (You found it on level 3 of the Elven Halls)
 70872 | Temple   | Entered the Ecumenical Temple
 70931 | D:6      | Fell from the grace of Yredelemnul
 70931 | D:6      | Became a worshipper of Elyvilon the Healer
 71012 | D:7      | Was placed under penance by Elyvilon
 71138 | D:7      | Fell from the grace of Elyvilon
 71138 | D:7      | Became a worshipper of the Shining One
 71323 | D:8      | Fell from the grace of the Shining One
 71323 | D:8      | Became a worshipper of Zin the Law-Giver
 71323 | D:8      | Acquired Zin's first power
 71323 | D:8      | Acquired Zin's second power
 71324 | D:8      | Donated 1184 gold pieces to Zin
 71325 | D:8      | Donated 592 gold pieces to Zin
 71326 | D:8      | Donated 296 gold pieces to Zin
 71327 | D:8      | Donated 148 gold pieces to Zin
 71328 | D:8      | Donated 74 gold pieces to Zin
 71331 | D:8      | Acquired Zin's third power
 71395 | D:9      | Was placed under penance by Zin
 71395 | D:9      | Was forgiven by Zin
 71396 | D:9      | Was placed under penance by Zin
 71397 | D:9      | Was forgiven by Zin
 71400 | D:9      | Was placed under penance by Zin
 71423 | D:9      | Was forgiven by Zin
 71426 | D:9      | Was placed under penance by Zin
 71473 | Lair:1   | Was forgiven by Zin
 72633 | Depths:1 | Bought a scroll of teleportation for 42 gold pieces
 72988 | Depths:2 | Paralysed by a giant eyeball for 4 turns
 73300 | Depths:2 | Noticed Agnes
 73321 | Depths:2 | Killed Agnes
 73915 | Depths:2 | Found Ahousmu's Food Shop.
 73919 | Depths:2 | Bought a pear for 8 gold pieces
 74672 | Depths:2 | Paralysed by a vampire knight for 4 turns
 74694 | Depths:2 | Got an ichor-stained plate armour
 74718 | Depths:2 | Identified the cursed +10 plate armour of Boredom {rN+ SInv} (You found it on level 2 of the Depths)
 74977 | Depths:2 | Noticed Jory
 75131 | Depths:2 | Killed Jory
 75751 | D:15     | Fell from the grace of Zin
 75751 | D:15     | Became a worshipper of the Shining One
 75751 | D:15     | Acquired the Shining One's first power
 75751 | D:15     | Acquired the Shining One's second power
 75996 | Hell     | Entered the Vestibule of Hell
 76211 | Hell     | Found a gateway to the decaying netherworld of Tartarus.
 76524 | Hell     | Noticed Geryon
 76573 | Hell     | Found a gateway to the ashen valley of Gehenna.
 77030 | Depths:3 | Reached skill level 25 in Long Blades
 77254 | Depths:3 | Paralysed by a great orb of eyes for 5 turns
 77267 | Depths:3 | Paralysed by a great orb of eyes for 2 turns
 77686 | Depths:3 | Found a one-way gate leading to the halls of Pandemonium.
 77837 | Depths:3 | Reached skill level 15 in Shields
 78191 | Depths:3 | Identified the ring of Eti Gyov {Hunger Int+2} (You took it off a deep elf sorcerer on level 3 of the Elven Halls)
 78364 | Depths:3 | Paralysed by a giant eyeball for 2 turns
 79329 | Depths:3 | Reached XP level 23. HP: 100/167 MP: 21/37
 79589 | Depths:3 | Found Cissaapt's Assorted Antiques.
 79628 | Depths:3 | Paralysed by a giant eyeball for 2 turns
 79720 | Depths:3 | Gained mutation: You digest meat inefficiently. [mutagenic meat]
 79721 | Depths:3 | Gained mutation: Space occasionally distorts in your vicinity. [mutagenic meat]
 79816 | Depths:3 | Paralysed by a giant eyeball for 3 turns
 79927 | Depths:4 | Found a gateway to a ziggurat.
 80110 | Depths:4 | Found a corrupted altar of Lugonu.
 80110 | Depths:4 | Found a one-way gate to the infinite horrors of the Abyss.
 80704 | Depths:4 | Identified the ring "Uxtyckess" {Regen Str+2 Int+3} (You found it on level 6 of the Pits of Slime)
 80771 | Depths:4 | Gained mutation: You have a slow metabolism. [mutagenic meat]
 80774 | Depths:4 | Gained mutation: Your muscles are strong. (Str +2) [mutagenic meat]
 80798 | Depths:4 | Acquired the Shining One's third power
 81050 | Depths:4 | Found a portal to a secret trove of treasure.
 81539 | Depths:5 | Noticed Xtahua
 81569 | Depths:5 | Killed Xtahua
 82370 | Depths:5 | Noticed Sojobo
 82624 | Depths:5 | Gained mutation: You are agile. (Dex +2) [mutagenic meat]
 82625 | Depths:5 | Lost mutation: You have a slow metabolism. [mutagenic meat]
 82626 | Depths:5 | Gained mutation: You tend to lose your temper in combat. [mutagenic meat]
 82939 | Depths:5 | Killed Sojobo
 83501 | Depths:5 | Lost mutation: Armour fits poorly on your strangely shaped body. [potion of cure mutation]
 83501 | Depths:5 | Lost mutation: You are agile. (Dex +2) [potion of cure mutation]
 83501 | Depths:5 | Lost mutation: You are dopey. (Int -2) [potion of cure mutation]
 83501 | Depths:5 | Lost mutation: You heal slowly when monsters are visible. [potion of cure mutation]
 83501 | Depths:5 | Lost mutation: Your muscles are strong. (Str +2) [potion of cure mutation]
 83501 | Depths:5 | Lost mutation: You tend to lose your temper in combat. [potion of cure mutation]
 83603 | Depths:5 | Identified Sif Muna's Guide on the Displaced Mountains
 83756 | Depths:5 | Acquired the Shining One's fourth power
 84230 | Depths:5 | Reached XP level 24. HP: 151/176 MP: 32/37
 86148 | Forest:2 | Paralysed by a spriggan assassin for 3 turns
 86356 | Forest:2 | Reached skill level 26 in Long Blades
 87816 | Forest:3 | Found a staircase to the Tomb.
 88030 | Forest:3 | Paralysed by a spriggan assassin for 4 turns
 88592 | Forest:4 | Paralysed by a spriggan assassin for 5 turns
 88599 | Forest:4 | Paralysed by a spriggan assassin for 5 turns
 89162 | Forest:5 | Entered Level 5 of the Enchanted Forest
 90436 | Forest:5 | Noticed the Enchantress
 90503 | Forest:5 | HP: 7/177 [spriggan air mage/bolt of lightning[a spriggan berserker] (32)]
 90534 | Forest:5 | HP: 7/177 [the Enchantress/runed cutlass (5)]
 90536 | Forest:5 | Slain by a spriggan berserker

Action                   |  1- 3 |  4- 6 |  7- 9 | 10-12 | 13-15 | 16-18 | 19-21 | 22-24 || total
-------------------------+-------+-------+-------+-------+-------+-------+-------+-------++-------
Melee: Falchion          |    72 |   258 |   731 |   863 |     3 |       |       |       ||  1927
       Long sword        |       |       |       |   336 |   670 |       |       |  4031 ||  5037
       Demon blade       |       |       |       |       |   912 |  1771 |  1833 |    57 ||  4573
       Unarmed           |       |       |       |       |    12 |       |       |       ||    12
Invok: Animate Remains   |     3 |    11 |     5 |       |       |       |       |       ||    19
       Injury Mirror     |       |     1 |     2 |       |       |       |     1 |       ||     4
       Recall Undead Sla |       |     1 |     2 |     3 |     7 |     7 |    18 |       ||    38
       Animate Dead      |       |       |    24 |    55 |   114 |    82 |    94 |     1 ||   370
       Drain Life        |       |       |     1 |       |     1 |       |       |       ||     2
       Enslave Soul      |       |       |       |       |     2 |       |       |       ||     2
       Recite            |       |       |       |       |       |       |       |     1 ||     1
 Abil: Evoke Flight      |       |       |       |       |       |       |       |     1 ||     1
Evoke: Wand              |       |     2 |     4 |    18 |    12 |    12 |    24 |    10 ||    82
  Use: Potion            |     6 |       |       |     5 |     8 |    11 |    13 |    13 ||    56
       Scroll            |       |    13 |    14 |    22 |    24 |    12 |    29 |    52 ||   166
 Stab: Distracted        |       |     4 |     7 |    21 |    25 |    26 |    33 |     1 ||   117
       Sleeping          |       |     1 |       |       |     4 |       |       |       ||     5
       Held in net/web   |       |       |     1 |       |       |       |       |       ||     1
       Betrayed ally     |       |       |     1 |       |       |       |       |       ||     1
       Confused          |       |       |       |       |     1 |       |       |       ||     1
       Fleeing           |       |       |       |       |       |       |       |     3 ||     3
